[Event "*** Titled Tuesday Blitz"]
[Site "Chess.com"]
[Date "2019.12.03"]
[Round "8"]
[White "RitvarsReimanis"]
[Black "JoakimVonAnd"]
[Result "1-0"]
[WhiteElo "2555"]
[BlackElo "2382"]
[TimeControl "180+2"]
[EndTime "14:51:50 PST"]
[Termination "RitvarsReimanis won by resignation"]

1. d4 Nf6 2. c4 e6 3. Nf3 d5 4. Nc3 c6 5. cxd5 exd5 6. Qc2 g6 7. Bg5 Be7 8. e3 Bf5 9. Qb3 Qb6 10. Be2 Nbd7 11. Qxb6 axb6 12. Nh4 Be6 13. Nf3 b5 14. O-O h6 15. Bf4 Nb6 16. Ne5 O-O 17. Bxh6 Rfe8 18.
a3 Ra7 19. Rac1 Nc4 20. Nxc4 bxc4 21. Bg5 b5 22. Rfe1 Kg7 23. Na2 Ne4 24. Bxe7 Rexe7 25. Nb4 Nd6 26. Nxc6 Rec7 27. Nxa7 Rxa7 28. f3 Nf5 29.
Bf1 Rb7 30. b4 Ra7 31. Rc3 Nd6 32. e4 dxe4 33. fxe4 f5 34. exf5 Bxf5 35. Re5 Kf6 36. Rce3 g5 37. h3 g4 38. hxg4 Bxg4 39. Be2 Bf5 40. Bf3 Rc7 41. Rc5 Rg7 42. Rc6 Rd7 43.
Re5 Kg7 44. Rxd6 Rxd6 45. Rxf5 Rxd4 46. Rxb5 Rd3 47. Rc5 Rxa3 48. Rxc4 Ra1+ 49. Kh2 Ra2 50. b5 Ra3 51. Rb4 1-0

[Event "*** Titled Tuesday Blitz"]
[Site "Chess.com"]
[Date "2019.12.03"]
[Round "8"]
[White "iLuusions"]
[Black "LimeInTheCoconut"]
[Result "1-0"]
[WhiteElo "2644"]
[BlackElo "2342"]
[TimeControl "180+2"]
[EndTime "14:51:50 PST"]
[Termination "iLuusions won by resignation"]

1. d4 Nf6 2. c4 e6 3. Nf3 d5 4. g3 Be7 5. Bg2 O-O 6. O-O dxc4 7. Qc2 a6 8. a4 Bd7 9. Qxc4 Bc6 10. Bf4 Bd6 11. Qc1 Nbd7 12. Nc3 Bxf3 13. Bxf3 Bxf4 14. Qxf4 c6 15. Qd6 a5 16. Rfd1 Qb6 17. Rd2 Rad8 18. Rad1 Nd5 19. e4 Nb4 20. Qf4 Rfe8 21. Bg2 Nf8 22. h4 Rd7 23. h5 h6 24. e5 Red8 25. Ne4 Kh8 26. Nf6 gxf6 27. Qxh6+ Nh7 28. exf6 Rg8 29.
Be4 1-0

[Event "*** Titled Tuesday Blitz"]
[Site "Chess.com"]
[Date "2019.12.03"]
[Round "8"]
[White "Triumphmate"]
[Black "champ2005"]
[Result "1-0"]
[WhiteElo "2494"]
[BlackElo "2924"]
[TimeControl "180+2"]
[EndTime "14:51:52 PST"]
[Termination "Triumphmate won by resignation"]

1. e4 c5 2. Nf3 d6 3. d4 cxd4 4. Nxd4 Nf6 5. Nc3 Nc6 6. f4 g6 7. Nf3 Bg7 8. Bd3 O-O 9. O-O b6 10. Kh1 Bb7 11. Qe1 Nb4 12. Bd2 Rc8 13. Rd1 Nd7 14.
f5 Nxd3 15. cxd3 Ba6 16. Qh4 Bxd3 17. Rfe1 Ba6 18. Ng5 Nf6 19. Nd5 h6 20. fxg6 fxg6 21. Ne6 Qd7 22. Nxg7 Ng4 23. Bxh6 Nxh6 24. Qxh6 e6 25.
Qxg6 Qxg7 26. Qxe6+ Kh8 27. Re3 Qf7 28. Rh3+ Kg7 29.
Qh6+ 1-0

[Event "*** Titled Tuesday Blitz"]
[Site "Chess.com"]
[Date "2019.12.03"]
[Round "8"]
[White "VladimirBelous"]
[Black "SerGo055"]
[Result "1-0"]
[WhiteElo "2762"]
[BlackElo "2547"]
[TimeControl "180+2"]
[EndTime "14:51:53 PST"]
[Termination "VladimirBelous won by resignation"]

1. c4 Nf6 2. Nf3 c6 3. d4 d5 4. e3 e6 5. Bd3 Nbd7 6. O-O Bd6 7. Nbd2 O-O 8. b3 Qe7 9. Bb2 e5 10. dxe5 Nxe5 11. Nxe5 Bxe5 12. Bxe5 Qxe5 13. Nf3 Qh5 14.
cxd5 Nxd5 15. h3 Be6 16. Nd4 Qg5 17. Nxe6 fxe6 18. Be4 Nxe3 19. Qc1 Rf4 20. Qxe3 Raf8 21. Rad1 h6 22. Bb1 e5 23. g3 a5 24. Kh1 Rxf2 25. Qxg5 Rxf1+ 26. Rxf1 Rxf1+ 27. Kg2 Rxb1 28. Qd8+ Kf7 29. Qd7+ Kf6 30. Qxb7 Rb2+ 31. Kf3 Rxa2 32. Qxc6+ Kf7 33. Qd5+ Kf6 34. Qd6+ Kf7 35. Qxe5 Ra3 36.
Qd5+ Kg6 37. Kg4 Kh7 38. h4 a4 39. Qe4+ Kh8 40. Qe8+ Kh7 41. Qxa4 1-0

[Event "*** Titled Tuesday Blitz"]
[Site "Chess.com"]
[Date "2019.12.03"]
[Round "8"]
[White "IgorBjelobrk"]
[Black "Kislov_Oleg"]
[Result "1-0"]
[WhiteElo "2681"]
[BlackElo "2508"]
[TimeControl "180+2"]
[EndTime "14:51:58 PST"]
[Termination "IgorBjelobrk won by resignation"]

1. d4 Nf6 2. c4 e6 3. Nc3 Bb4 4. g3 d5 5. Bg2 O-O 6. a3 Bxc3+ 7. bxc3 c5 8. Nf3 Qa5 9. O-O Qxc3 10. Bd2 Qxc4 11.
Rc1 Qa6 12. dxc5 Qxa3 13. Nd4 Bd7 14. Rb1 Na6 15. Rxb7 Qxc5 16. Be3 Qc8 17. Qb1 Rb8 18. Rxb8 Qxb8 19. Qa1 Nc5 20. Nf5 Nce4 21. Nxg7 Kxg7 22. Bxe4 e5 23. Bxa7 Qd6 24. Bg2 Ra8 25. Bc5 Rxa1 26. Bxd6 Rxf1+ 27. Kxf1 e4 28. Be5 Kg6 29. f3 exf3 30.
exf3 Be6 31. Kf2 Nd7 32. Bd4 Nb8 33. Ke3 Nc6 34. Bf1 h5 35. Bd3+ Bf5 36. Bb5 Nd8 37.
Kf4 f6 38. Be8+ 1-0

[Event "*** Titled Tuesday Blitz"]
[Site "Chess.com"]
[Date "2019.12.03"]
[Round "8"]
[White "Kawhi_Leonard2"]
[Black "Egorov_Pavel"]
[Result "0-1"]
[WhiteElo "2266"]
[BlackElo "2377"]
[TimeControl "180+2"]
[EndTime "14:52:08 PST"]
[Termination "Egorov_Pavel won by resignation"]

1. e4 Nf6 2. e5 Nd5 3. d4 d6 4. Nf3 Nc6 5. exd6 cxd6 6. c4 Nb6 7. d5 Ne5 8. Nxe5 dxe5 9. Nc3 e6 10. Be3 exd5 11. cxd5 Bb4 12. Bb5+ Bd7 13. Qd3 O-O 14. O-O Rc8 15. Rfd1 Bxc3 16. Bxd7 Qxd7 17. bxc3 Na4 18.
c4 Nb2 19. Qe2 Nxd1 20. Rxd1 b6 21. h3 Qa4 22. c5 bxc5 23. d6 Rfd8 24. Rd5 c4 25. Bc5 c3 26. Rxe5 c2 27. Qd2 Qc4 28. d7 c1=Q+ 0-1

[Event "*** Titled Tuesday Blitz"]
[Site "Chess.com"]
[Date "2019.12.03"]
[Round "8"]
[White "Mikhail_Golubev"]
[Black "Philosopherrr"]
[Result "0-1"]
[WhiteElo "2601"]
[BlackElo "2468"]
[TimeControl "180+2"]
[EndTime "14:52:10 PST"]
[Termination "Philosopherrr won on time"]

1. e4 e5 2. Nf3 Nc6 3. Nc3 Nf6 4. g3 Bc5 5. Bg2 d6 6. d3 a6 7. h3 h6 8. O-O Be6 9. Kh2 Qe7 10. Nh4 O-O-O 11.
a3 Nd4 12. Nd5 Bxd5 13. exd5 g5 14. Nf3 Rdg8 15. Nxd4 Bxd4 16. c3 Bb6 17. b4 h5 18. a4 h4 19. g4 e4 20. d4 Nxd5 21.
a5 Ba7 22. Qc2 f5 23. gxf5 Nf6 24. b5 g4 25. b6 Bb8 26. bxc7 Bxc7 27. d5 Qe5+ 28.
Kh1 Qxf5 29. hxg4 Qxg4 30. f3 exf3 31. Rxf3 h3 0-1

[Event "*** Titled Tuesday Blitz"]
[Site "Chess.com"]
[Date "2019.12.03"]
[Round "8"]
[White "CzechmVIII"]
[Black "HanSchut"]
[Result "1-0"]
[WhiteElo "2146"]
[BlackElo "2300"]
[TimeControl "180+2"]
[EndTime "14:52:12 PST"]
[Termination "CzechmVIII won by resignation"]

1. e4 c5 2. Nf3 d6 3. d4 cxd4 4. Nxd4 Nf6 5. Nc3 a6 6. Bg5 e6 7. f4 Be7 8. Qf3 h6 9. Bh4 g5 10. fxg5 Nfd7 11. Qh5 Ne5 12. Bg3 Bxg5 13. Nf3 Nbd7 14.
Nxg5 Qxg5 15. Qd1 h5 16. Qxd6 h4 17. Bxe5 Nxe5 18. Qd2 Qxd2+ 19. Kxd2 Bd7 20. Rd1 O-O-O 21. Kc1 Bc6 22. Be2 Rxd1+ 23. Rxd1 Rg8 24. Rg1 f5 25. exf5 exf5 26. g3 f4 27. g4 f3 28. Bd3 f2 29.
Rf1 Rf8 30. Bf5+ Rxf5 31. gxf5 Ng4 32. Nd1 Bg2 33. Rxf2 Nxf2 34. Nxf2 Kd8 35. Kd2 Ke7 36. Ke3 Kf6 37. Kf4 1-0

[Event "*** Titled Tuesday Blitz"]
[Site "Chess.com"]
[Date "2019.12.03"]
[Round "8"]
[White "davigator"]
[Black "earling8018"]
[Result "1-0"]
[WhiteElo "2295"]
[BlackElo "1929"]
[TimeControl "180+2"]
[EndTime "14:52:18 PST"]
[Termination "davigator won by resignation"]

1. e4 e5 2. Nf3 Nc6 3. Bb5 a6 4. Ba4 Nf6 5. O-O Be7 6. Re1 b5 7. Bb3 d6 8. c3 O-O 9. h3 Nd7 10. d4 Bf6 11. a4 Bb7 12. Be3 Na5 13. Bc2 c6 14. Nbd2 Nc4 15. Nxc4 bxc4 16. a5 Re8 17. Qd2 Rb8 18. Ba4 Qc7 19. dxe5 Nxe5 20. Bb6 Qd7 21. Nd4 g6 22. f4 Nd3 23. b3 Nxe1 24. Rxe1 Bh4 25.
Re2 Rbc8 26. bxc4 Qe7 27. Qd3 Rf8 28. Nf3 Bg3 29. Qe3 h5 30. Ng5 h4 31. c5 d5 32.
e5 Rce8 33. Bc2 Qd7 34. Qf3 Bc8 35. Rd2 Qe7 36. Re2 Be6 37. c4 dxc4 38. Ne4 Qd7 39. Nf6+ Kg7 40. Nxd7 Bxd7 41. Be4 Be6 42. Rd2 Bd5 43.
Bxd5 cxd5 44. Qxd5 1-0

[Event "*** Titled Tuesday Blitz"]
[Site "Chess.com"]
[Date "2019.12.03"]
[Round "8"]
[White "MasterKroket"]
[Black "Denis_Palkovich"]
[Result "1-0"]
[WhiteElo "2431"]
[BlackElo "2255"]
[TimeControl "180+2"]
[EndTime "14:52:19 PST"]
[Termination "MasterKroket won on time"]

1. d4 d5 2. c4 Bf5 3. Nc3 e6 4. Nf3 Bb4 5. Bf4 Nc6 6. e3 Nf6 7. a3 Bxc3+ 8. bxc3 O-O 9. c5 Ne4 10. Qb3 b6 11. Bb5 Na5 12. Qb4 c6 13. Bd3 b5 14.
Bxe4 Bxe4 15. Nd2 Bd3 16. f3 Nc4 17. Nxc4 Bxc4 18. h4 f6 19. Bd6 Re8 20. Kd2 e5 21. dxe5 fxe5 22. Qb1 d4 23. Qf5 dxe3+ 24. Kxe3 e4 25.
fxe4 Be6 26. Qf4 Bd5 27. e5 Qa5 28. Qb4 Qd8 29. Rhf1 Qd7 30. Rf4 h6 31. g4 Re6 32.
Raf1 Rae8 33. Qd4 1-0

[Event "*** Titled Tuesday Blitz"]
[Site "Chess.com"]
[Date "2019.12.03"]
[Round "8"]
[White "Marcin"]
[Black "politeplayer"]
[Result "1/2-1/2"]
[WhiteElo "2357"]
[BlackElo "2234"]
[TimeControl "180+2"]
[EndTime "14:52:21 PST"]
[Termination "Game drawn by agreement"]

1. d4 Nf6 2. c4 c5 3. Nf3 cxd4 4. Nxd4 e6 5. Nc3 d5 6. cxd5 Nxd5 7. Nxd5 Qxd5 8. e3 Bb4+ 9. Bd2 Bxd2+ 10. Qxd2 e5 11. Nb5 Qxd2+ 12. Kxd2 Na6 13. Nd6+ Ke7 14. Nxc8+ Raxc8 15.
Bxa6 Rhd8+ 16. Bd3 e4 17. Rac1 Rxd3+ 18. Ke2 Rcd8 19.
Rc2 Ke6 20. Rf1 f5 21. f3 exf3+ 22. gxf3 g5 23. Re1 f4 24. Kf2 Rd2+ 25. Re2 fxe3+ 26. Kxe3 Rxe2+ 27. Kxe2 Rd7 28. Ke3 b6 29. Rc6+ Kf5 30.
Rh6 Re7+ 31. Kf2 Rc7 32. Kg3 Rc2 33. Rxh7 a5 34. h4 gxh4+ 35. Rxh4 Rxb2 1/2-1/2

[Event "*** Titled Tuesday Blitz"]
[Site "Chess.com"]
[Date "2019.12.03"]
[Round "8"]
[White "oskariot"]
[Black "ChainsOfFantasia"]
[Result "1-0"]
[WhiteElo "2686"]
[BlackElo "2512"]
[TimeControl "180+2"]
[EndTime "14:52:23 PST"]
[Termination "oskariot won by checkmate"]

1. e4 e6 2. d4 d5 3. Nd2 c5 4.
Ngf3 cxd4 5. Nxd4 Nf6 6. e5 Nfd7 7. N2f3 Nc6 8. Nxc6 bxc6 9. Bd3 Be7 10. O-O O-O 11.
c4 dxc4 12. Bxc4 Nb6 13. Bd3 Nd5 14. a3 Qb6 15. Qc2 h6 16. Qe2 Rd8 17. Qe4 f5 18. exf6 Nxf6 19. Qg6 Qb3 20. Bxh6 Bf8 21. Ne5 Qd5 22. Qf7+ Kh8 23. Ng6+ Kh7 24. Nxf8+ Kh8 25. Qxg7# 1-0

[Event "*** Titled Tuesday Blitz"]
[Site "Chess.com"]
[Date "2019.12.03"]
[Round "8"]
[White "PNEPaul"]
[Black "brendan174"]
[Result "1-0"]
[WhiteElo "1729"]
[BlackElo "2098"]
[TimeControl "180+2"]
[EndTime "14:52:26 PST"]
[Termination "PNEPaul won by resignation"]

1. e4 e5 2. Nf3 Nc6 3. Bc4 Bc5 4. b4 Bxb4 5. c3 Ba5 6. d4 exd4 7. O-O Nf6 8. e5 Ne4 9. Bd5 Nxc3 10. Nxc3 Bxc3 11.
Qb3 O-O 12. Ba3 Bxa1 13. Bxf8 Qxf8 14. Rxa1 Ne7 15. Nxd4 Nxd5 16. Qxd5 c6 17. Qe4 b6 18. Re1 Ba6 19. Nf5 Re8 20. Qg4 g6 21. Re3 Kh8 22. Nd6 Qe7 23. f4 c5 24. Rg3 Qe6 25. Qg5 Qe7 26.
Qh6 Bc8 27. Rh3 1-0

[Event "*** Titled Tuesday Blitz"]
[Site "Chess.com"]
[Date "2019.12.03"]
[Round "8"]
[White "Micki-taryan"]
[Black "cool4chess"]
[Result "0-1"]
[WhiteElo "2967"]
[BlackElo "2640"]
[TimeControl "180+2"]
[EndTime "14:52:28 PST"]
[Termination "cool4chess won by checkmate"]

1. e4 e5 2. Nf3 Nc6 3. Bc4 Nf6 4. c3 Bc5 5. d3 d6 6. Bg5 a6 7. a4 h6 8. Bh4 g5 9. Bg3 Be6 10. Nbd2 g4 11. Nh4 d5 12. Bb3 Qd7 13. Qe2 O-O-O 14. Bc2 d4 15. O-O Nh5 16. Rfb1 Nf4 17. Qf1 Be7 18. Nf5 Bxf5 19. exf5 Qxf5 20. Ne4 h5 21. Bb3 h4 22. Bxf4 exf4 23. f3 gxf3 24. Qxf3 dxc3 25.
bxc3 Ne5 26. Qh3 Qxh3 27. gxh3 Rxd3 28. Kh1 Rxh3 29. Rf1 Rg8 30. Rae1 Re3 31. Nf2 Rd8 32. Bc2 Kb8 33. Ne4 h3 34. Rb1 Rg8 35. Rxf4 Re2 36. Rf2 Rg2 37. Rbf1 Nf3 38. Rxe2 Rxe2 39. Nf2 Rxc2 40.
a5 Bc5 41. c4 Bxf2 42. c5 Bxc5 43. Rf2 Rc1+ 44. Rf1 Rxf1# 0-1

[Event "*** Titled Tuesday Blitz"]
[Site "Chess.com"]
[Date "2019.12.03"]
[Round "8"]
[White "BlueWizzard"]
[Black "rezacz"]
[Result "1-0"]
[WhiteElo "2756"]
[BlackElo "2497"]
[TimeControl "180+2"]
[EndTime "14:52:28 PST"]
[Termination "BlueWizzard won by resignation"]

1. d4 d5 2. Bf4 c5 3. e3 Nc6 4.
Nc3 cxd4 5. exd4 a6 6. Nf3 Nf6 7. Ne5 Bd7 8. Be2 g6 9. Qd2 Rc8 10. Bf3 Be6 11. a3 Bg7 12. O-O O-O 13. Rfe1 Re8 14. h4 Bf5 15. Rad1 h5 16. Bg5 e6 17.
Re2 Qc7 18. Bh6 Bh8 19. Bf4 Nxe5 20. Bxe5 Qc6 21. Qf4 b5 22. Rde1 a5 23. Nd1 Bxc2 24. Bxf6 Bxf6 25. Qxf6 Bxd1 26. Rxd1 b4 27. Bxh5 Qd6 28.
Bxg6 fxg6 29. Qxg6+ Kf8 30. Qf6+ Kg8 31. Re3 Re7 32. Rg3+ 1-0

[Event "*** Titled Tuesday Blitz"]
[Site "Chess.com"]
[Date "2019.12.03"]
[Round "8"]
[White "aquaticpineapples"]
[Black "ural58"]
[Result "1-0"]
[WhiteElo "2231"]
[BlackElo "2340"]
[TimeControl "180+2"]
[EndTime "14:52:28 PST"]
[Termination "aquaticpineapples won by checkmate"]

1. d4 d5 2. Nf3 Bf5 3. c4 e6 4. Qb3 Nc6 5. Qxb7 Nb4 6. Na3 Rb8 7. Qxa7 dxc4 8. Bf4 Ra8 9. Qb7 Rxa3 10. Bxc7 Qd5 11. Qb8+ Kd7 12. Ne5+ Qxe5 13. Qd8+ Kc6 14. Bxe5 Nc2+ 15.
Kd2 Bb4+ 16. Kc1 Ra7 17. Qc8+ Kb5 18. e4 Bxe4 19. Qxc4+ Kb6 20. Rb1 Ra5 21. d5 exd5 22.
Qc7# 1-0

[Event "*** Titled Tuesday Blitz"]
[Site "Chess.com"]
[Date "2019.12.03"]
[Round "8"]
[White "ShahMatKanal"]
[Black "Satscho"]
[Result "1-0"]
[WhiteElo "2490"]
[BlackElo "2333"]
[TimeControl "180+2"]
[EndTime "14:52:32 PST"]
[Termination "ShahMatKanal won by checkmate"]

1. d4 g6 2. Nf3 Bg7 3. c4 d6 4.
Nc3 Nf6 5. e4 O-O 6. Be2 e5 7.
d5 a5 8. O-O Na6 9. Qc2 Nc5 10.
Bg5 h6 11. Be3 Nfd7 12. Nd2 f5 13. exf5 gxf5 14. f4 e4 15. Nb3 Nxb3 16. axb3 b6 17. b4 Kh7 18. bxa5 bxa5 19. Ra2 Bb7 20. Nb5 Nc5 21.
Nd4 a4 22. Rd1 Qf6 23. Nb5 Rac8 24. Kh1 Qg6 25. Rg1 h5 26. Qd1 Kh6 27. Bxc5 dxc5 28. Rxa4 Rg8 29. Ra7 Rb8 30. Nxc7 Bd4 31. Ne6 Bxg1 32.
Qxg1 Bc8 33. Ng5 Rb7 34. Rxb7 Bxb7 35. Qxc5 Qf6 36. Qc7 Rg7 37. Qb8 Qxb2 38. Qh8+ Kg6 39. Bxh5+ Kf6 40. Qf8+ Rf7 41. Qxf7# 1-0

[Event "*** Titled Tuesday Blitz"]
[Site "Chess.com"]
[Date "2019.12.03"]
[Round "8"]
[White "Quiet_Desperation"]
[Black "Darhild"]
[Result "0-1"]
[WhiteElo "2493"]
[BlackElo "2659"]
[TimeControl "180+2"]
[EndTime "14:52:37 PST"]
[Termination "Darhild won by resignation"]

1. e4 c5 2. Nf3 d6 3. d4 cxd4 4. Nxd4 Nf6 5. Nc3 a6 6. Be3 e6 7. f3 b5 8. Qd2 Nbd7 9. O-O-O Bb7 10. Kb1 b4 11. Nce2 d5 12. exd5 Nxd5 13. Nc1 Nxe3 14. Qxe3 Bc5 15. Qe1 Bd5 16. Ndb3 Be7 17. Bd3 O-O 18.
Be4 Nf6 19. Nd3 a5 20. Nf4 a4 21. Nd4 Bxe4 22. fxe4 Qc8 23. e5 Nd7 24. Nh5 a3 25. b3 Kh8 26. Rd3 Ra5 27. Nf3 Nb6 28. Nd2 Qc7 29.
Qg3 Qxe5 30. Qxe5 Rxe5 31. Nf3 Rxh5 0-1

[Event "*** Titled Tuesday Blitz"]
[Site "Chess.com"]
[Date "2019.12.03"]
[Round "8"]
[White "wnstop"]
[Black "Aleksandr_Kozak"]
[Result "1-0"]
[WhiteElo "2681"]
[BlackElo "2314"]
[TimeControl "180+2"]
[EndTime "14:52:45 PST"]
[Termination "wnstop won on time"]

1. e4 c6 2. d4 d5 3. Nc3 g6 4. Nf3 Bg7 5. h3 Nh6 6. Bd3 O-O 7. Qe2 b5 8. a3 a6 9. O-O f6 10. Re1 Ra7 11. Bf4 Rb7 12. exd5 cxd5 13. Bxb8 Rxb8 14.
Qxe7 Bf5 15. Bxf5 Nxf5 16. Qe6+ Kh8 17. Nxd5 Rb7 18. c3 Nd6 19. Ne3 Qc7 20. Qb3 a5 21.
Nd5 Qc8 22. Nf4 Bh6 23. Ne6 Re8 24. Nc5 Rbe7 25. Qd5 Nc4 26. Rxe7 Rxe7 27. b3 Nd2 28. Nxd2 Bxd2 29. Qd6 Rf7 30. Qg3 Qf5 31. Qb8+ Kg7 32.
Qe8 1-0

[Event "*** Titled Tuesday Blitz"]
[Site "Chess.com"]
[Date "2019.12.03"]
[Round "8"]
[White "Witik"]
[Black "INLOVEWITHF"]
[Result "0-1"]
[WhiteElo "2575"]
[BlackElo "2457"]
[TimeControl "180+2"]
[EndTime "14:52:45 PST"]
[Termination "INLOVEWITHF won by resignation"]

1. d4 d5 2. Bf4 c5 3. e3 Nf6 4.
c3 e6 5. Nd2 Bd6 6. Bxd6 Qxd6 7. Bd3 Nc6 8. f4 b6 9. Ngf3 O-O 10. Ne5 cxd4 11. exd4 Nb8 12. Qe2 a5 13. O-O Ba6 14. Rf3 Bxd3 15. Qxd3 Ne8 16. f5 f6 17. Ng4 Nc6 18.
fxe6 Qxe6 19. Rg3 f5 20. Nf2 f4 21. Rh3 Nf6 22. Nf3 Ne4 23. Re1 Rae8 24. Ng5 Nxg5 25.
Rxe6 Rxe6 26. Qd1 Nxh3+ 27. Nxh3 f3 28. gxf3 Rg6+ 29. Kf1 Ne7 30. Ng1 Nf5 31. Qb3 Ne3+ 32. Kf2 Re8 33. Qb5 Rg2+ 34. Ke1 Rxg1+ 35. Kd2 Nc4+ 36. Kc2 Re2+ 0-1

[Event "*** Titled Tuesday Blitz"]
[Site "Chess.com"]
[Date "2019.12.03"]
[Round "8"]
[White "Ambitiousresolutions"]
[Black "HarutyunianTigranK"]
[Result "0-1"]
[WhiteElo "2630"]
[BlackElo "2769"]
[TimeControl "180+2"]
[EndTime "14:52:52 PST"]
[Termination "HarutyunianTigranK won by checkmate"]

1. e4 e5 2. Nf3 Nc6 3. Bc4 Bc5 4. O-O Nf6 5. d3 O-O 6. a4 h6 7. c3 a5 8. Re1 d6 9. h3 Be6 10. Na3 Bxa3 11. Rxa3 Bxc4 12. dxc4 Nd7 13. Be3 b6 14. Ra1 Ne7 15. Nh4 f5 16. exf5 Nxf5 17. Nxf5 Rxf5 18. Qd3 Qf8 19. Rf1 Re8 20. b4 Kh8 21. Qd5 Qf7 22. Qc6 Re6 23. Qxc7 Rg6 24. Qc6 Qe6 25. Qd5 Qe8 26. Rad1 Rh5 27. c5 bxc5 28. bxc5 e4 29. Qc6 d5 30. Qb7 Ne5 31. Kh1 Rxg2 32. Qxd5 Rxh3+ 33. Kxg2 Qg6+ 34. Kxh3 Qg4+ 35. Kh2 Nf3+ 36. Kh1 Qh3# 0-1

[Event "*** Titled Tuesday Blitz"]
[Site "Chess.com"]
[Date "2019.12.03"]
[Round "8"]
[White "RiskyDecision"]
[Black "Sunrise777"]
[Result "0-1"]
[WhiteElo "2523"]
[BlackElo "2696"]
[TimeControl "180+2"]
[EndTime "14:52:55 PST"]
[Termination "Sunrise777 won by resignation"]

1. d4 Nf6 2. c4 c5 3. d5 b5 4. Qc2 g6 5. e4 Bg7 6. Nf3 O-O 7. cxb5 a6 8. Nc3 e6 9. dxe6 fxe6 10.
a4 d5 11. bxa6 Nc6 12. Bb5 Nd4 13. Qd3 Nb3 14. Rb1 c4 15. Qe2 d4 16. Na2 d3 17.
Qd1 Bxa6 18. Bxa6 Rxa6 19. Nc3 Qa8 20. O-O Nxe4 21. Nxe4 Qxe4 22. Re1 Qf5 23. Be3 Rxa4 24. Nd2 Rb8 25. Nxb3 Rxb3 26. Qd2 Rab4 27. Qc1 c3 28. Ra1 c2 29. Ra2 Bxb2 30. Qd2 Bc3 0-1

[Event "*** Titled Tuesday Blitz"]
[Site "Chess.com"]
[Date "2019.12.03"]
[Round "8"]
[White "petincash"]
[Black "albano87"]
[Result "0-1"]
[WhiteElo "2403"]
[BlackElo "2130"]
[TimeControl "180+2"]
[EndTime "14:52:58 PST"]
[Termination "albano87 won by resignation"]

1. Nf3 c5 2. e4 Nc6 3. Nc3 d6 4. d4 cxd4 5. Nxd4 Nf6 6. Be2 Nxd4 7. Qxd4 g6 8. b3 Bg7 9. Bb2 O-O 10. O-O-O Be6 11.
Nd5 Bxd5 12. exd5 a5 13. a4 Rc8 14. Qd3 Qb6 15. Bd4 Qb4 16. Bf3 Rc7 17. Kb2 Rfc8 18. c3 Rxc3 19. Bxc3 Rxc3 20. Qxc3 Nd7 21. Qxg7+ Kxg7 22. Ka2 Nc5 23. Rb1 b5 24. axb5 a4 25. bxa4 Qxa4+ 26. Kb2 Qxb5+ 27. Kc3 Qd3+ 28. Kb4 Qd4+ 29. Kb5 Qxf2 30. Rhe1 Qc2 31. Rec1 Qa4+ 32. Kb6 Qa8 33. Kb5 Qb7+ 34. Kc4 Qa6+ 35. Kc3 Qd3+ 36. Kb4 h5 37. h3 Qa6 38. Kc3 Qa5+ 39. Kc2 Qa4+ 40. Kc3 Qa3+ 41.
Kc4 Nd3 42. Rc2 Ne5+ 43. Kb5 Nxf3 44. gxf3 Qd3+ 45. Rc4 Qxb1+ 0-1

[Event "*** Titled Tuesday Blitz"]
[Site "Chess.com"]
[Date "2019.12.03"]
[Round "8"]
[White "resha1988"]
[Black "arminmusovic"]
[Result "1-0"]
[WhiteElo "2744"]
[BlackElo "2545"]
[TimeControl "180+2"]
[EndTime "14:52:59 PST"]
[Termination "resha1988 won by resignation"]

1. d4 d5 2. Nf3 Nf6 3. c4 c5 4.
e3 e6 5. Nc3 Nc6 6. a3 a5 7. Bd3 Be7 8. O-O O-O 9. dxc5 Bxc5 10. Qe2 Re8 11. Rd1 d4 12. exd4 Nxd4 13. Nxd4 Bxd4 14.
Nb5 e5 15. h3 h6 16. Nxd4 exd4 17. Qf3 Qb6 18. Rb1 Bd7 19. b4 Ba4 20. Rf1 Bc6 21.
Qd1 Ne4 22. Bb2 axb4 23. axb4 Qxb4 24. Bxd4 Qd6 25. Ba1 Qg6 26. f3 Rad8 27. fxe4 Rxd3 28.
Qxd3 Bxe4 29. Qe2 f5 30. Rbe1 Rd8 31. Qf2 Kh7 32. Re3 Ra8 33. Rg3 1-0

[Event "*** Titled Tuesday Blitz"]
[Site "Chess.com"]
[Date "2019.12.03"]
[Round "8"]
[White "FrogMist"]
[Black "Sneakiest_Of_Snakes"]
[Result "1-0"]
[WhiteElo "2292"]
[BlackElo "1827"]
[TimeControl "180+2"]
[EndTime "14:52:59 PST"]
[Termination "FrogMist won by checkmate"]

1. e4 c6 2. d4 d5 3. f3 dxe4 4.
fxe4 e5 5. Nf3 exd4 6. Bc4 b5 7.
Bb3 c5 8. Bd5 Nd7 9. Ng5 Rb8 10.
Bxf7+ Ke7 11. O-O Ngf6 12. Bf4 Rb6 13. e5 h6 14. exf6+ gxf6 15. Re1+ Ne5 16. Bxe5 fxe5 17. Rxe5+ Kd6 18. Rd5+ Kc7 19. Rxd8 Kxd8 20. Ne6+ Ke7 21.
Nxf8 Kxf7 22. Qf3+ Rf6 23. Qd5+ Kxf8 24. Nd2 Kg7 25.
Nf3 Rhf8 26. Re1 R8f7 27. Re8 Bb7 28. Qd8 Rf8 29. Qc7+ R8f7 30. Qb8 Be4 31. Rg8+ Kh7 32. Rh8+ Kg6 33. Qg8+ Kh5 34. g4# 1-0

[Event "*** Titled Tuesday Blitz"]
[Site "Chess.com"]
[Date "2019.12.03"]
[Round "8"]
[White "FearNoEvil12"]
[Black "nitpicker"]
[Result "1-0"]
[WhiteElo "2011"]
[BlackElo "2276"]
[TimeControl "180+2"]
[EndTime "14:53:11 PST"]
[Termination "FearNoEvil12 won by resignation"]

1. e4 d5 2. exd5 Qxd5 3. Nc3 Qd8 4. Nf3 Nf6 5. d4 c6 6. Bc4 Bf5 7. O-O e6 8. Re1 Nbd7 9. Bf4 Nb6 10. Bd3 Bg4 11. h3 Bh5 12. Be2 Bd6 13. Ne5 Bxe2 14. Qxe2 Qc7 15. Rad1 O-O-O 16. a4 h6 17. a5 Nbd5 18.
Nxd5 Nxd5 19. Bd2 g5 20. a6 b6 21. c4 Nf4 22. Qf3 Bxe5 23. dxe5 Ng6 24. Qg3 Rd4 25. Bb4 Rxd1 26. Rxd1 Qxe5 27. Qf3 Qc7 28. Bd6 Qd7 29. c5 b5 30. Ra1 f5 31. Ra5 Kd8 32.
Rxb5 cxb5 33. Qa8+ Qc8 34. Qxa7 Qc6 35. Qg7 Re8 36.
Qxg6 Qxa6 37. Qf7 Qc6 38. Qa7 Qd7 39. Qb8+ Qc8 40. Qxb5 Re7 41. Qb6+ Ke8 42. Bxe7 Kxe7 43. Qd6+ Kf6 44. c6 Qa6 45. b4 Qe2 46. c7 f4 47.
c8=Q 1-0

[Event "*** Titled Tuesday Blitz"]
[Site "Chess.com"]
[Date "2019.12.03"]
[Round "8"]
[White "Kimster98"]
[Black "ChessWarrior7197"]
[Result "1/2-1/2"]
[WhiteElo "2571"]
[BlackElo "2898"]
[TimeControl "180+2"]
[EndTime "14:53:21 PST"]
[Termination "Game drawn - insufficient material"]

1. Nf3 Nf6 2. c4 b6 3. g3 Bb7 4. Bg2 g6 5. b3 Bg7 6. Bb2 Nh5 7. Bxg7 Nxg7 8. O-O O-O 9. Nc3 c5 10. d4 cxd4 11. Nxd4 Bxg2 12. Kxg2 Nc6 13. Nxc6 dxc6 14. Qxd8 Rfxd8 15. Rfd1 Nf5 16. e3 f6 17. Rxd8+ Rxd8 18. Rd1 Rxd1 19. Nxd1 Kf7 20. Nc3 h5 21. h3 g5 22. g4 Ng7 23. f4 Kg6 24. Kf3 f5 25. gxf5+ Kxf5 26. e4+ Kg6 27. Ne2 Kf6 28. e5+ Kg6 29.
Nd4 gxf4 30. Kxf4 c5 31. Nc6 Ne6+ 32. Kg3 Kf5 33. Nxe7+ Kxe5 34. Nc6+ Kf5 35. Nxa7 Nf8 36. Nc8 Nd7 37. Kh4 Kg6 38. a3 Kh6 39. b4 cxb4 40.
axb4 Kg6 41. Ne7+ Kh6 42. Nc8 Kg6 43. Ne7+ Kh6 44. Nd5 Kg6 45. Nf4+ Kf5 46. Nxh5 Ne5 47. c5 b5 48. Ng7+ Ke4 49. Ne8 Nc6 50. Nd6+ Kd5 51.
Nxb5 Nxb4 52. Kg5 Kxc5 53. Nc3 Kd6 54. Kf6 Nd3 55. h4 Nf4 56. Kf5 Nh5 57. Kg5 Ng3 58.
Kg4 Nf1 59. h5 Ke6 60. Kg5 Kf7 61. h6 Nd2 62. Kf5 Nc4 63. Ne4 Ne3+ 64. Kg5 Nd5 65. Nd6+ Kg8 66. Kg6 Ne7+ 67. Kf6 Kh7 68. Nf7 Ng8+ 69.
Kg5 Nxh6 1/2-1/2